 Dungeon Crawl Stone Soup version 0.18.1-6-gd335043 (webtiles) character file.

16258 HungrySpirit the Covert (level 12, -15/62 HPs)
             Began as a Spriggan Hunter on May 18, 2016.
             Was the Champion of Okawaru.
             Demolished by a hellwing (16 damage)
             ... summoned by a kobold demonologist
             ... on level 10 of the Dungeon.
             The game lasted 00:48:08 (15900 turns).

HungrySpirit the Covert (Spriggan Hunter)          Turns: 15900, Time: 00:48:10

Health: -15/62     AC:  1    Str:  8      XL:     12   Next: 8%
Magic:  14/14      EV: 32    Int: 13      God:    Okawaru [******]
Gold:   509        SH: 10    Dex: 24 (25) Spells: 0 memorised, 11 levels left

rFire  . . .     SeeInvis +     G - +0 rapier (drain)
rCold  . . .     Gourm    .     (armour restricted)
rNeg   . . .     Faith    .     m - +3 warlock's mirror {reflect}
rPois  .         Spirit   .     (helmet restricted)
rElec  .         Dismiss  .     c - +0 cloak
rCorr  .         Reflect  +     (gloves unavailable)
SustAt .         Harm     .     (boots unavailable)
MR     ++...                    D - amulet of magic regeneration
Stlth  ++++++++..               z - ring of stealth
                                s - +4 ring of dexterity

@: very quick, very resistant to hostile enchantments, extraordinarily stealthy
A: unfitting armour, talons 1, see invisible, deterioration 1, herbivore 3,
speed 3, low mp 1, slow metabolism 2
a: Heroism, Finesse, Renounce Religion


You were on level 10 of the Dungeon.
You worshipped Okawaru.
Okawaru was exalted by your worship.
You were not hungry.

You visited 2 branches of the dungeon, and saw 12 of its levels.

You collected 737 gold pieces.
You spent 228 gold pieces at shops.

Inventory:

Hand Weapons
 y - a +1 falchion of holy wrath
 G - a +0 rapier of draining (weapon)
 L - a +3 scimitar of flaming
Armour
 c - a +0 cloak (worn)
 m - the +3 warlock's mirror (worn) {reflect}
   (Okawaru gifted it to you on level 10 of the Dungeon)
 o - a +2 robe of fire resistance
 C - the +6 fire dragon armour "Jiuc" {rF++ rC- Stlth+}
   (You acquired it on level 9 of the Dungeon)

   It greatly protects you from fire.
   It makes you vulnerable to cold.
   It makes you more stealthy.
Jewellery
 d - an uncursed ring of positive energy
 k - a +5 ring of intelligence
 s - a +4 ring of dexterity (left hand)
 z - a ring of stealth (right hand)
 D - an amulet of magic regeneration (around neck)
Wands
 t - a wand of paralysis (12/24)
 M - a wand of iceblast (9/15)
Scrolls
 a - a scroll of recharging
 b - 2 scrolls of blinking
 g - a scroll of fear
 i - 5 scrolls of identify
 r - 4 scrolls of enchant weapon
 v - 5 scrolls of remove curse
 x - 4 scrolls of teleportation
 A - 2 scrolls of enchant armour
 J - a scroll of fog
 K - a scroll of magic mapping
Potions
 e - 2 potions of might
 j - 2 potions of curing
 l - 3 potions of lignification
 n - a potion of cancellation
 p - a potion of resistance
 q - 3 potions of heal wounds
 u - a potion of brilliance
 w - 6 potions of flight
 E - a potion of magic
 F - a potion of haste
Comestibles
 f - 8 bread rations
 h - a slice of pizza
 B - 6 fruits
 H - 10 royal jellies


   Skills:
 + Level 6.9 Fighting
 - Level 12.0(12.4) Short Blades
 * Level 3.6(7.1) Long Blades
   Level 5.0 Slings
 + Level 12.7 Dodging
 + Level 13.3 Stealth
 + Level 1.4 Shields
 - Level 4.1 Invocations


You had 11 spell levels left.
You didn't know any spells.

Dungeon Overview and Level Annotations

Branches:
Dungeon (11/15)            Temple (1/1) D:4            Lair (0/8) D:11
    Orc: D:9-12

Altars:
Ashenzari
Cheibriados
Dithmenos
Elyvilon
Fedhas
Gozag
Kikubaaqudgha
Makhleb
Nemelex Xobeh
Okawaru
Pakellas
Qazlal
Ru
Sif Muna
Trog
Vehumet
Xom
Yredelemnul
Zin
The Shining One

Shops:
D:10 *


Innate Abilities, Weirdness & Mutations

You are tiny and cannot use many weapons and most armour.
You have supernaturally acute eyesight.
You are a herbivore.
You cover ground extremely quickly.
You need consume almost no food.
You have sharp toenails.
Your body sometimes deteriorates upon taking damage.
Your magical capacity is low (-10% MP).


Message History

The shadow imp completely misses you.
The kobold demonologist completely misses you.
The hellwing misses you. The hellwing hits you!
Unknown command.
You hit the kobold demonologist. You drain the kobold demonologist!
Your kick misses the kobold demonologist.
The kobold demonologist is severely wounded.
You block the sun demon's attack.
Unknown command.
You completely miss the kobold demonologist.
You claw the kobold demonologist, but do no damage.
The kobold demonologist is severely wounded.
The shadow imp completely misses you.
You block the kobold demonologist's attack.
The sun demon hits you!!
* * * LOW HITPOINT WARNING * * *
You are engulfed in flames!
* * * LOW HITPOINT WARNING * * *
The hellwing hits you!
You die...

##.# ##.# #..# #..#
####'#### #####'##
#.......# #......#
#.....(.# #......'
#.......######......#
#.......##...'......#
#...5o..'..###......#
#..K@[..#### #......#
#..4.3..# #####+##
#.......# #.#
##'###### #.# #.#
#.## #.# #..# #.##
#######'# #..##
#........ ##..#
#.###.###


You could see a sun demon, a hellwing, a kobold demonologist, a shadow imp and
an orc.

Vanquished Creatures
  An orc warlord (D:7)
  A hydra (D:9)
  Erica (D:9)
  An unseen horror (D:10)
  Pikel (D:4)
  A manticore (D:11)
  An ugly thing (D:10)
  Grinder (D:3)
  A troll (D:10)
  A vampire (D:9)
  2 wraiths
  A wyvern (D:11)
  9 yaks
  A hippogriff (D:7)
  21 wargs
  A water moccasin (D:7)
  8 orc warriors
  2 ice beasts
  2 slaves (D:3)
  A sky beast (D:7)
  9 ogres
  2 black bears
  An eye of draining (D:11)
  3 centaurs
  2 crocodiles
  8 giant frogs
  A wyvern zombie (D:8)
  6 scorpions
  13 killer bees
  8 wights
  3 howler monkeys
  5 crimson imps
  A wasp zombie (D:11)
  2 quasits
  A centaur zombie (D:9)
  3 giant frog zombies
  3 hounds
  2 centaur skeletons
  3 giant frog skeletons
  A gnoll shaman (D:4)
  7 orc priests
  5 jellies (D:9)
  Jessica (D:3)
  14 orc wizards
  9 worker ants
  Terence (D:2)
  6 iguanas
  Ijyb (D:3)
  A hound zombie (D:5)
  A hound skeleton (D:11)
  3 worker ant zombies
  Robin (D:4)
  12 gnolls
  16 adders
  A shadow imp (D:8)
  6 oozes
  2 adder skeletons
  8 worms
  7 dart slugs
  6 giant geckos
  66 orcs
  11 bats
  4 giant cockroaches
  15 goblins
  9 hobgoblins
  12 jackals
  5 quokkas
  A ball python (D:1)
  4 giant newts
  A jackal zombie (D:5)
  9 kobolds
  13 rats
393 creatures vanquished.

Vanquished Creatures (others)
  A plant (D:7)
1 creature vanquished.

Grand Total: 394 creatures vanquished

Notes
Turn   | Place    | Note
--------------------------------------------------------------
     0 | D:1      | HungrySpirit the Spriggan Hunter began the quest for the Orb.
     0 | D:1      | Reached XP level 1. HP: 10/10 MP: 2/2
     4 | D:1      | Reached skill level 2 in Stealth
    78 | D:1      | Reached skill level 5 in Slings
    78 | D:1      | Reached XP level 2. HP: 15/15 MP: 3/3
   463 | D:1      | Reached XP level 3. HP: 7/18 MP: 4/4
  1007 | D:1      | Reached skill level 1 in Short Blades
  1280 | D:2      | Found a burning altar of Makhleb.
  1428 | D:2      | Reached XP level 4. HP: 23/23 MP: 5/5
  1743 | D:2      | Noticed Terence
  1813 | D:2      | Killed Terence
  1813 | D:2      | Reached skill level 3 in Stealth
  2426 | D:3      | Reached XP level 5. HP: 15/27 MP: 6/6
  2730 | D:3      | Reached skill level 4 in Stealth
  2777 | D:3      | Noticed Jessica
  2848 | D:3      | Killed Jessica
  2848 | D:3      | Reached skill level 5 in Dodging
  3045 | D:3      | Noticed Ijyb
  3088 | D:3      | Killed Ijyb
  3088 | D:3      | Reached XP level 6. HP: 29/32 MP: 7/7
  3488 | D:3      | Noticed Grinder
  3505 | D:3      | Paralysed by Grinder for 4 turns
  3550 | D:3      | Paralysed by Grinder for 4 turns
  3576 | D:3      | Killed Grinder
  3576 | D:3      | Reached skill level 5 in Stealth
  4173 | D:3      | Reached XP level 7. HP: 34/36 MP: 8/8
  4179 | D:3      | Found a shadowy altar of Dithmenos.
  4267 | D:3      | Gained mutation: Your magical capacity is low (-10% MP). [potion of mutation]
  4267 | D:3      | Gained mutation: Your body sometimes deteriorates upon taking damage. [potion of mutation]
  4267 | D:3      | Gained mutation: You have sharp toenails. [potion of mutation]
  4513 | D:4      | Noticed Pikel
  4850 | D:4      | Found a white marble altar of Elyvilon.
  4853 | D:4      | Found an opulent altar of Gozag.
  4895 | D:4      | Reached skill level 5 in Short Blades
  5021 | D:4      | Killed Pikel
  5021 | D:4      | Reached skill level 6 in Stealth
  5021 | D:4      | Reached XP level 8. HP: 37/40 MP: 8/8
  5152 | D:4      | Reached skill level 7 in Stealth
  5434 | D:4      | Noticed Robin
  5436 | D:4      | Found a staircase to the Ecumenical Temple.
  5441 | D:4      | Killed Robin
  5678 | Temple   | Entered the Ecumenical Temple
  5846 | Temple   | Became a worshipper of Warmaster Okawaru
  5884 | D:4      | Found an ancient bone altar of Kikubaaqudgha.
  5891 | D:4      | Got a fine hunting sling
  5892 | D:4      | Identified the +6 hunting sling "Zailoq" {flame, +Inv rPois rC+ MR++} (You found it on level 4 of the Dungeon)
  5944 | D:4      | Found a shimmering altar of Xom.
  6426 | D:5      | Entered Level 5 of the Dungeon
  6546 | D:5      | Reached skill level 8 in Stealth
  6674 | D:5      | Reached * piety under Okawaru
  7173 | D:6      | Reached XP level 9. HP: 44/44 MP: 9/9
  7392 | D:6      | Found a sacrificial altar of Ru.
  7656 | D:7      | Reached skill level 9 in Stealth
  7712 | D:7      | Reached ** piety under Okawaru
  8026 | D:7      | Noticed an orc warlord
  8185 | D:7      | Killed an orc warlord
  8185 | D:7      | Reached *** piety under Okawaru
  8185 | D:7      | Reached **** piety under Okawaru
  8185 | D:7      | Reached skill level 5 in Fighting
  8185 | D:7      | Reached skill level 10 in Short Blades
  8185 | D:7      | Reached skill level 10 in Dodging
  8185 | D:7      | Reached skill level 10 in Stealth
  8185 | D:7      | Reached XP level 10. HP: 51/51 MP: 10/10
  8430 | D:7      | Reached ***** piety under Okawaru
  9212 | D:7      | Reached skill level 1 in Invocations
  9270 | D:7      | Received a gift from Okawaru
  9270 | D:7      | Reached skill level 11 in Stealth
 10089 | D:7      | Received a gift from Okawaru
 10712 | D:8      | Reached XP level 11. HP: 56/56 MP: 12/12
 11532 | D:8      | Found a bloodstained altar of Trog.
 11535 | D:8      | Found a blossoming altar of Fedhas.
 11538 | D:8      | Found a basalt altar of Yredelemnul.
 11882 | D:9      | Identified a scroll of acquirement
 11885 | D:9      | Got a scorched fire dragon armour
 11896 | D:9      | Identified the +6 fire dragon armour "Jiuc" {rF++ rC- Stlth+} (You acquired it on level 9 of the Dungeon)
 12219 | D:9      | Reached skill level 12 in Stealth
 12459 | D:9      | Found a deep blue altar of Sif Muna.
 12784 | D:9      | Noticed a five-headed hydra
 12787 | D:9      | Killed a five-headed hydra
 12904 | D:9      | Found an oddly glowing altar of Pakellas.
 12948 | D:9      | Noticed Erica
 12955 | D:9      | Killed Erica
 12955 | D:9      | Received a gift from Okawaru
 13050 | D:10     | Entered Level 10 of the Dungeon
 13157 | D:10     | Reached skill level 1 in Long Blades
 13159 | D:10     | Received a gift from Okawaru
 13410 | D:10     | Found Zoph's Assorted Antiques.
 13415 | D:10     | Bought a scroll labeled OLICLO HOIMIN for 38 gold pieces
 13415 | D:10     | Bought a garnet ring for 190 gold pieces
 13537 | D:10     | Noticed a cyan ugly thing
 13588 | D:10     | Killed a cyan ugly thing
 13831 | D:10     | Reached ****** piety under Okawaru
 14003 | D:10     | Noticed an unseen horror
 14010 | D:10     | Killed an unseen horror
 14010 | D:10     | Received a gift from Okawaru
 14442 | D:10     | Reached skill level 13 in Stealth
 14800 | D:10     | Reached skill level 1 in Shields
 15024 | D:11     | Found a staircase to the Lair.
 15353 | D:11     | Reached XP level 12. HP: 62/62 MP: 14/14
 15900 | D:10     | HP: 1/62 [sun demon[a kobold demonologist] (11)]
 15900 | D:10     | Demolished by a hellwing

Skill      XL: |  1  2  3  4  5  6  7  8  9 10 11 |
---------------+----------------------------------+-----
Stealth        | 2 3 4 5 6 8 10 11 13 | 13.3
Slings         | 5 |  5.0
Fighting       | 2 3 5 6 |  6.9
Short Blades   | 1 2 3 4 6 8 10 11 12 | 12.0
Dodging        | 4 5 7 8 10 11 12 | 12.7
Invocations    | 2 4 |  4.1
Long Blades    | 3 |  3.6
Shields        | 1 |  1.4

Action                   |  1- 3 |  4- 6 |  7- 9 | 10-12 || total
-------------------------+-------+-------+-------+-------++-------
Melee: Short sword       |    95 |   104 |       |   185 ||   384
       Dagger            |       |    55 |   261 |   183 ||   499
       Kick              |       |       |    84 |   356 ||   440
       Falchion          |       |       |     9 |    25 ||    34
       Rapier            |       |       |       |   594 ||   594
 Fire: Hunting sling     |    32 |    81 |   167 |   153 ||   433
Invok: Heroism           |       |       |       |     1 ||     1
Evoke: Wand              |       |       |     6 |     4 ||    10
  Use: Scroll            |       |     6 |    16 |     8 ||    30
       Potion            |       |       |     1 |     1 ||     2
 Stab: Sleeping          |     5 |     9 |    31 |    57 ||   102
       Distracted        |       |     1 |     2 |     5 ||     8
       Paralysed         |       |       |     3 |     1 ||     4
  Eat: Fruit             |       |     1 |     2 |    10 ||    13
       Pizza             |       |       |     1 |       ||     1
Armor: Robe              |    12 |    11 |    16 |     3 ||    42
       Skin              |       |       |       |     3 ||     3
Dodge: Dodged            |    87 |   115 |   241 |   615 ||  1058
Block: Buckler           |       |       |       |   156 ||   156
       Reflection        |       |       |       |     1 ||     1
